 Dungeon Crawl Stone Soup version 0.22-a0-240-g539252a (webtiles) character file.

2396 tidbits the Insei (level 9, -6/111 HPs)
             Began as a Gnoll Monk on Feb 21, 2018.
             Was a Believer of Cheibriados.
             Mangled by a troll (8 damage)
             ... on level 11 of the Dungeon.
             The game lasted 00:15:00 (1692 turns).

tidbits the Insei (Gnoll Monk)                      Turns: 1692, Time: 00:15:01

Health: -6/111     AC: 24    Str: 19    XL:     9   Next: 46%
Magic:  12/15      EV:  2    Int: 20    God:    Cheibriados [**....]
Gold:   161        SH: 11    Dex: 23    Spells: 16/16 levels left

rFire    . . .     SeeInvis .     - Unarmed
rCold    + . .     Gourm    .   D - +1 shield
rNeg     + + +     Faith    .   (armour currently unavailable)
rPois    +         Spirit   .   (helmet currently unavailable)
rElec    .         Reflect  .   (cloak currently unavailable)
rCorr    .         Harm     .   (gloves currently unavailable)
MR       .....     NoTele   +   (boots currently unavailable)
Stlth    ++++......             (no amulet)
HPRegen  0.28/turn              h - ring of protection from cold
MPRegen  0.14/turn              (no ring)

@: tree-form, very slow
A: distributed training, strong nose
a: Bend Time, Renounce Religion


You were on level 11 of the Dungeon.
You worshipped Cheibriados.
Cheibriados was pleased with you.
You were full.
You were a tree.
You visited 2 branches of the dungeon, and saw 12 of its levels.

You collected 161 gold pieces.

Inventory:

Hand Weapons
 e - a cursed -2 dagger
 g - a +1 rapier
 i - a +2 vampiric dagger
   (You took it off an orc wizard on level 10 of the Dungeon)
 j - a +0 blowgun
 n - a +0 war axe
 o - a +0 shortbow of freezing
   (You took it off a centaur on level 6 of the Dungeon)
Missiles
 k - 18 poisoned needles
 p - 21 arrows
Armour
 a - a +0 robe
 l - a +2 leather armour of poison resistance
   (You found it on level 1 of the Dungeon)
 B - the +2 leather armour "Qihuar" (melded) {rPois Dex+3}
   (You found it on level 6 of the Dungeon)

   It affects your dexterity (+3).
   It protects you from poison.
 D - a +1 shield (worn)
 F - a +0 pair of boots (melded)
Magical Staves
 r - an uncursed staff of death {unknown}
   (You found it on level 11 of the Dungeon)
Jewellery
 f - an uncursed ring of fire
   (You found it on level 1 of the Dungeon)
 h - a ring of protection from cold (left branch)
   (You found it on level 2 of the Dungeon)
 s - an uncursed ring of ice
   (You found it on level 9 of the Dungeon)
Wands
 b - a wand of iceblast (11)
Scrolls
 d - a scroll of identify
 m - 2 scrolls of teleportation
 t - a scroll of immolation
Comestibles
 c - 4 rations


   Skills:
 + Level 7.8 Fighting
 + Level 4.2 Short Blades
 + Level 4.2 Long Blades
 + Level 4.2 Axes
 + Level 4.2 Maces & Flails
 + Level 4.2 Polearms
 + Level 4.2 Staves
 + Level 4.2 Slings
 + Level 4.2 Bows
 + Level 4.2 Crossbows
 + Level 4.2 Throwing
 + Level 4.2 Armour
 + Level 7.8 Dodging
 + Level 6.0 Stealth
 + Level 4.2 Shields
 + Level 7.8 Unarmed Combat
 + Level 4.2 Spellcasting
 + Level 3.4 Conjurations
 + Level 3.4 Hexes
 + Level 3.4 Charms
 + Level 3.4 Summonings
 + Level 3.4 Necromancy
 + Level 3.4 Translocations
 + Level 3.4 Transmutations
 + Level 3.4 Fire Magic
 + Level 3.4 Ice Magic
 + Level 3.4 Air Magic
 + Level 3.4 Earth Magic
 + Level 3.4 Poison Magic
 + Level 4.6 Invocations
 + Level 4.2 Evocations


You had 16 spell levels left.
You didn't know any spells.

Dungeon Overview and Level Annotations

Branches:
Dungeon (11/15)            Temple (1/1) D:6            Lair (0/6) D:11
    Orc (0/2) D:11

Altars:
Ashenzari
Cheibriados
Dithmenos
Elyvilon
Gozag
Qazlal
Ru
Sif Muna
Trog
Wu Jian
Xom
Yredelemnul

Annotations:
D:6 exclusion: killer bee
D:11 Sonja


Innate Abilities, Weirdness & Mutations

Your experience applies equally to all skills.
((You have very sharp teeth.))
Your uncanny sense of smell can sniff out nearby items.


Message History

You hit the jelly but do no damage.
Your hands burn!
* * * LOW HITPOINT WARNING * * *
You bite the jelly.
The jelly is severely wounded.
The jelly barely misses you.
You hit the jelly. The acid corrodes you!
Your hands burn!
* * * LOW HITPOINT WARNING * * *
The jelly is almost dead.
The jelly hits you.
* * * LOW HITPOINT WARNING * * *
The acid corrodes you!
You are splashed with acid!
The acid burns!
* * * LOW HITPOINT WARNING * * *
You hit the jelly but do no damage.
Your hands burn!
* * * LOW HITPOINT WARNING * * *
You bite the jelly.
The jelly is almost dead.
The jelly closely misses you.
You punch the jelly!
You kill the jelly!
Cheibriados appreciates the change of pace.
You see here a scroll of identify.
As you read the scroll of identify, it crumbles to dust.
t - a scroll of immolation
There is a stone staircase leading down here.
A wyvern comes into view.
You see here a tomahawk.
d - a tomahawk Quiver which item? (- for none, * to show all) (? for menu, Esc to quit)
Okay, then.
Throwing (i - inventory)
d - a tomahawk (quivered)
Press: ? - help, Shift-Dir - straight line, f - wyvern
Aim: a wyvern (hasn't noticed you)
You throw a tomahawk. The wyvern hisses angrily.
The tomahawk hits the wyvern but does no damage.
Your magical effects are unravelling.
You feel magically purged.
You are no longer corroded.
The wyvern barely misses you.
There is a stone staircase leading down here.
The flow of time bends around you.
Cheibriados rebukes the wyvern.
The wyvern seems to slow down.
You feel slightly less full. You block the wyvern's attack.
You barely miss the wyvern. The wyvern barely misses you.
You closely miss the wyvern. You block the wyvern's attack.
You hit the wyvern.
The wyvern is lightly wounded.
The wyvern completely misses you.
You hit the wyvern.
The wyvern is lightly wounded.
The wyvern hisses menacingly.
The wyvern bites you.
* * * LOW HITPOINT WARNING * * *
You hit the wyvern.
The wyvern is moderately wounded.
You block the wyvern's attack.
You punch the wyvern!
The wyvern is heavily wounded.
You punch the wyvern! You bite the wyvern, but do no damage.
The wyvern is almost dead.
The wyvern is no longer moving slowly.
The wyvern bites you but does no damage.
You punch the wyvern!
You kill the wyvern!
Cheibriados thoroughly appreciates the change of pace.
Your Stealth skill increases to level 6!
You see here a wand of iceblast (11).
b - a wand of iceblast (11)
You see here a scroll of identify.
d - a scroll of identify You see here a potion of lignification.
q - a potion of lignification A troll comes into view.
You see here a scroll of teleportation.
m - 2 scrolls of teleportation (gained 1)
Found 5 tomahawks.
The troll shouts!
You see here a tomahawk.
The flow of time bends around you.
Cheibriados rebukes the troll.
The troll seems to slow down.
You feel slightly less full. The troll bites you!
* * * LOW HITPOINT WARNING * * *
You block the troll's attack. The troll barely misses you.
Your shield prevents you from hitting the troll.
The troll bites you!
* * * LOW HITPOINT WARNING * * *
The troll misses you. x2
You turn into a tree.
Your +0 pair of boots melds into your body.
The +2 leather armour "Qihuar" {rPois Dex+3} melds into your body.
Your roots penetrate the ground.
You hit the troll.
The troll is lightly wounded.
The troll bites you but does no damage. The troll claws you but does no damage.
You block the troll's attack.
You smack the troll!
The troll is heavily wounded.
The troll bites you!
You die...

*,,,,,,***,,#....................
*,,,,,,,,*,,#.#########....######
*,,,,,,,,***#,#.......#....# *
*,,,,,,,,,,,,,#.......#....# *
*,,,,,,,#######.......#....# *
*,,,,,,,#.............#....# *
,,,,,,,,#.............###..# *
,,,,,,,,#...............#..# *
,,,,,,,,#......T♣.......#..# *
,,,,,,,,#####...........#..######
*****,,,,...............'..†.....
*,,,,...#...........#........
**,,,,..(#........†>.#........
***,,,,,..,#...........#........
**,,,,,****,#...........#>.......
,,,,,,,,,**∆#...........#........
,,,,,,,,,,*,*############.....###


You could see a troll.

Vanquished Creatures
  A centaur zombie (D:6)
  Prince Ribbit (D:8)
  3 yaks (D:9)
  A wyvern (D:11)
  A warg (D:11)
  A water moccasin (D:10)
  An orc warrior (D:11)
  An ice beast (D:9)
  A centaur (D:6)
  An ogre (D:6)
  A big kobold (D:6)
  3 bullfrogs
  A jelly (D:11)
  3 orc wizards
  A centaur skeleton (D:6)
  2 hounds
  A bullfrog skeleton (D:11)
  An iguana (D:7)
  2 worker ants
  3 gnolls (D:6)
  3 adders
  A shadow imp (D:9)
  An adder skeleton (D:6)
  A worm (D:2)
  A leopard gecko (D:2)
  12 orcs
  5 giant cockroaches
  2 goblins
  A hobgoblin (D:1)
  4 jackals (D:4)
  2 quokkas
  A ball python (D:2)
  3 frilled lizards
  4 kobolds
  A leopard gecko zombie (D:6)
  3 rats
75 creatures vanquished.

Vanquished Creatures (others)
  A sky beast (D:6)
1 creature vanquished.

Grand Total: 76 creatures vanquished

Notes
Turn   | Place    | Note
-------+----------+-------------------------------------------
     0 | D:1      | tidbits the Gnoll Monk began the quest for the Orb.
     0 | D:1      | Reached XP level 1. HP: 23/23 MP: 1/1
    97 | D:2      | Noticed an orc wizard
   108 | D:2      | Reached XP level 2. HP: 28/29 MP: 2/2
   126 | D:2      | Reached skill level 1 in Invocations
   126 | D:2      | Reached XP level 3. HP: 17/35 MP: 2/4
   164 | D:2      | HP: 3/35 [adder (4)]
   164 | D:2      | HP: 1/35 [adder (2)]
   165 | D:2      | Reached skill level 1 in Short Blades
   165 | D:2      | Reached skill level 1 in Long Blades
   165 | D:2      | Reached skill level 1 in Axes
   165 | D:2      | Reached skill level 1 in Maces & Flails
   165 | D:2      | Reached skill level 1 in Polearms
   165 | D:2      | Reached skill level 1 in Staves
   165 | D:2      | Reached skill level 1 in Slings
   165 | D:2      | Reached skill level 1 in Bows
   165 | D:2      | Reached skill level 1 in Crossbows
   165 | D:2      | Reached skill level 1 in Throwing
   165 | D:2      | Reached skill level 1 in Armour
   165 | D:2      | Reached skill level 1 in Shields
   165 | D:2      | Reached skill level 1 in Spellcasting
   165 | D:2      | Reached skill level 1 in Evocations
   179 | D:2      | You fall through a shaft!
   188 | D:2      | Reached XP level 4. HP: 4/41 MP: 5/5
   561 | D:3      | Reached skill level 1 in Conjurations
   561 | D:3      | Reached skill level 1 in Hexes
   561 | D:3      | Reached skill level 1 in Charms
   561 | D:3      | Reached skill level 1 in Summonings
   561 | D:3      | Reached skill level 1 in Necromancy
   561 | D:3      | Reached skill level 1 in Translocations
   561 | D:3      | Reached skill level 1 in Transmutations
   561 | D:3      | Reached skill level 1 in Fire Magic
   561 | D:3      | Reached skill level 1 in Ice Magic
   561 | D:3      | Reached skill level 1 in Air Magic
   561 | D:3      | Reached skill level 1 in Earth Magic
   561 | D:3      | Reached skill level 1 in Poison Magic
   615 | D:3      | Found a white marble altar of Elyvilon.
   662 | D:4      | Reached XP level 5. HP: 36/47 MP: 5/7
   720 | D:5      | Entered Level 5 of the Dungeon
   766 | D:6      | Noticed a big kobold
   790 | D:6      | Killed a big kobold
   831 | D:6      | Got a crude leather armour
   842 | D:6      | Identified the +2 leather armour "Qihuar" {rPois Dex+3} (You found it on level 6 of the Dungeon)
   869 | D:6      | Reached XP level 6. HP: 53/53 MP: 8/8
   881 | D:6      | Reached skill level 2 in Invocations
   902 | D:6      | Reached skill level 2 in Short Blades
   902 | D:6      | Reached skill level 2 in Long Blades
   902 | D:6      | Reached skill level 2 in Axes
   902 | D:6      | Reached skill level 2 in Maces & Flails
   902 | D:6      | Reached skill level 2 in Polearms
   902 | D:6      | Reached skill level 2 in Staves
   902 | D:6      | Reached skill level 2 in Slings
   902 | D:6      | Reached skill level 2 in Bows
   902 | D:6      | Reached skill level 2 in Crossbows
   902 | D:6      | Reached skill level 2 in Throwing
   902 | D:6      | Reached skill level 2 in Armour
   902 | D:6      | Reached skill level 2 in Shields
   902 | D:6      | Reached skill level 2 in Spellcasting
   902 | D:6      | Reached skill level 2 in Evocations
   951 | D:6      | Reached skill level 7 in Fighting
   951 | D:6      | Reached skill level 7 in Dodging
   951 | D:6      | Reached skill level 7 in Unarmed Combat
   951 | D:6      | Reached skill level 2 in Conjurations
   951 | D:6      | Reached skill level 2 in Hexes
   951 | D:6      | Reached skill level 2 in Charms
   951 | D:6      | Reached skill level 2 in Summonings
   951 | D:6      | Reached skill level 2 in Necromancy
   951 | D:6      | Reached skill level 2 in Translocations
   951 | D:6      | Reached skill level 2 in Transmutations
   951 | D:6      | Reached skill level 2 in Fire Magic
   951 | D:6      | Reached skill level 2 in Ice Magic
   951 | D:6      | Reached skill level 2 in Air Magic
   951 | D:6      | Reached skill level 2 in Earth Magic
   951 | D:6      | Reached skill level 2 in Poison Magic
   951 | D:6      | Reached XP level 7. HP: 31/60 MP: 10/10
   963 | D:6      | Found a staircase to the Ecumenical Temple.
   971 | Temple   | Entered the Ecumenical Temple
   980 | Temple   | Became a worshipper of Cheibriados the Contemplative
   980 | Temple   | Reached * piety under Cheibriados
   980 | Temple   | Reached ** piety under Cheibriados
  1001 | D:6      | Reached skill level 5 in Stealth
  1031 | D:6      | Reached skill level 3 in Invocations
  1036 | D:6      | Reached XP level 8. HP: 42/67 MP: 10/12
  1105 | D:8      | Noticed Prince Ribbit
  1130 | D:8      | Killed Prince Ribbit
  1130 | D:8      | Reached skill level 3 in Short Blades
  1130 | D:8      | Reached skill level 3 in Long Blades
  1130 | D:8      | Reached skill level 3 in Axes
  1130 | D:8      | Reached skill level 3 in Maces & Flails
  1130 | D:8      | Reached skill level 3 in Polearms
  1130 | D:8      | Reached skill level 3 in Staves
  1130 | D:8      | Reached skill level 3 in Slings
  1130 | D:8      | Reached skill level 3 in Bows
  1130 | D:8      | Reached skill level 3 in Crossbows
  1130 | D:8      | Reached skill level 3 in Throwing
  1130 | D:8      | Reached skill level 3 in Armour
  1130 | D:8      | Reached skill level 3 in Shields
  1130 | D:8      | Reached skill level 3 in Spellcasting
  1130 | D:8      | Reached skill level 3 in Evocations
  1148 | D:8      | Noticed a hippogriff
  1172 | D:8      | You fall through a shaft for 3 floors!
  1276 | D:11     | Found a staircase to the Orcish Mines.
  1282 | D:11     | Noticed Sonja
  1298 | D:11     | Noticed a cyclops
  1301 | D:10     | Entered Level 10 of the Dungeon
  1462 | D:9      | Reached skill level 3 in Conjurations
  1462 | D:9      | Reached skill level 3 in Hexes
  1462 | D:9      | Reached skill level 3 in Charms
  1462 | D:9      | Reached skill level 3 in Summonings
  1462 | D:9      | Reached skill level 3 in Necromancy
  1462 | D:9      | Reached skill level 3 in Translocations
  1462 | D:9      | Reached skill level 3 in Transmutations
  1462 | D:9      | Reached skill level 3 in Fire Magic
  1462 | D:9      | Reached skill level 3 in Ice Magic
  1462 | D:9      | Reached skill level 3 in Air Magic
  1462 | D:9      | Reached skill level 3 in Earth Magic
  1462 | D:9      | Reached skill level 3 in Poison Magic
  1462 | D:9      | Reached skill level 4 in Invocations
  1539 | D:9      | Noticed a yak
  1540 | D:9      | Noticed a yak
  1541 | D:9      | Noticed a yak
  1549 | D:9      | Reached XP level 9. HP: 67/72 MP: 14/14
  1579 | D:9      | Reached skill level 4 in Short Blades
  1579 | D:9      | Reached skill level 4 in Long Blades
  1579 | D:9      | Reached skill level 4 in Axes
  1579 | D:9      | Reached skill level 4 in Maces & Flails
  1579 | D:9      | Reached skill level 4 in Polearms
  1579 | D:9      | Reached skill level 4 in Staves
  1579 | D:9      | Reached skill level 4 in Slings
  1579 | D:9      | Reached skill level 4 in Bows
  1579 | D:9      | Reached skill level 4 in Crossbows
  1579 | D:9      | Reached skill level 4 in Throwing
  1579 | D:9      | Reached skill level 4 in Armour
  1579 | D:9      | Reached skill level 4 in Shields
  1579 | D:9      | Reached skill level 4 in Spellcasting
  1579 | D:9      | Reached skill level 4 in Evocations
  1669 | D:11     | Reached skill level 6 in Stealth
  1681 | D:11     | Noticed a troll
  1689 | D:11     | HP: 1/74 [troll (9)]
  1692 | D:11     | Mangled by a troll

Vault maps used:
D:1:      matt_arrival_diagonals, doesnt_xom_only_xom
D:2:      serial_corexii_hall, corexii_hall_statues_deadend,
          corexii_hall_statues_x, corexii_hall_statues_i,
          nicolae_gozag_zags_fifth_avenue
D:3:      elyvilon_altar_5, first_ration, serial_forest,
          infiniplex_forest_lined_corner, infiniplex_forest_diagonal,
          infiniplex_forest_lined_4_way, infiniplex_forest_corner_1,
          infiniplex_forest_clump_diagonal, infiniplex_forest_clump_diagonal,
          kennysheep_nub, uniq_grinder
D:4:      gup_sewer_entry_bowl, minmay_misc_feat_tower, uniq_sigmund,
          uniq_edmund
D:6:      minmay_temple_entry_glassed_door, nrook_mini_vaults
D:7:      lemuel_bear_cage
D:8:      uniq_joseph, uniq_prince_ribbit1, uniq_grum
D:9:      basic_altar, uniq_erica, uniq_maurice
D:10:     minmay_misc_feat_roman, uniq_nergalle
D:11:     david_lair_shrubbed, david_orc_3, hangedman_little_slice_of_home,
          uniq_sonja
Temple:   grunt_wide_crystal_templ

Skill      XL: |  1  2  3  4  5  6  7  8  9 |
---------------+----------------------------+-----
Invocations    | 1 2 3 4 |  4.6
Short Blades   | 1 2 3 4 |  4.2
Long Blades    | 1 2 3 4 |  4.2
Axes           | 1 2 3 4 |  4.2
Maces & Flails | 1 2 3 4 |  4.2
Polearms       | 1 2 3 4 |  4.2
Staves         | 1 2 3 4 |  4.2
Slings         | 1 2 3 4 |  4.2
Bows           | 1 2 3 4 |  4.2
Crossbows      | 1 2 3 4 |  4.2
Throwing       | 1 2 3 4 |  4.2
Armour         | 1 2 3 4 |  4.2
Shields        | 1 2 3 4 |  4.2
Spellcasting   | 1 2 3 4 |  4.2
Evocations     | 1 2 3 4 |  4.2
Conjurations   | 1 2 3 |  3.4
Hexes          | 1 2 3 |  3.4
Charms         | 1 2 3 |  3.4
Summonings     | 1 2 3 |  3.4
Necromancy     | 1 2 3 |  3.4
Translocations | 1 2 3 |  3.4
Transmutations | 1 2 3 |  3.4
Fire Magic     | 1 2 3 |  3.4
Ice Magic      | 1 2 3 |  3.4
Air Magic      | 1 2 3 |  3.4
Earth Magic    | 1 2 3 |  3.4
Poison Magic   | 1 2 3 |  3.4
Fighting       | 7 |  7.8
Dodging        | 7 |  7.8
Unarmed Combat | 7 |  7.8
Stealth        | 5 6 |  6.0

Action                   |  1- 3 |  4- 6 |  7- 9 || total
-------------------------+-------+-------+-------++-------
Melee: Unarmed           |    52 |   137 |   156 ||   345
       Bite              |     7 |    20 |    43 ||    70
       Rapier            |       |     2 |     2 ||     4
Throw: Tomahawk          |       |       |     6 ||     6
Invok: Bend Time         |       |       |     6 ||     6
  Use: Potion            |     1 |     2 |     6 ||     9
       Scroll            |       |     5 |     5 ||    10
 Stab: Sleeping          |     2 |     6 |     3 ||    11
  Eat: Ration            |       |     2 |       ||     2
Armor: Leather armour    |     7 |    17 |    13 ||    37
       Skin              |       |       |     2 ||     2
Dodge: Dodged            |    17 |    53 |    77 ||   147
Block: Shield            |    15 |    32 |    67 ||   114

Table legend:
 A = Spawn XP
 B = Non-spawn XP
 C = Spawn XP percentage of total XP
 D = Spawn monster count
 E = Non-spawn monster count
 F = Spawn count percentage of total count
 G = Total turns spent on level
                    A         B        C        D         E        F      G
               +---------+---------+-------+---------+---------+-------+---------
         Total |       0 |    3423 |   0.0 |       0 |      76 |   0.0 |  1692
               +---------+---------+-------+---------+---------+-------+---------
           D:1 |       0 |       6 |   0.0 |       0 |       4 |   0.0 |    88
           D:2 |       0 |      78 |   0.0 |       0 |      12 |   0.0 |   188
           D:3 |       0 |      56 |   0.0 |       0 |       8 |   0.0 |   361
           D:4 |       0 |      50 |   0.0 |       0 |       6 |   0.0 |    83
           D:5 |       0 |      12 |   0.0 |       0 |       4 |   0.0 |    46
           D:6 |       0 |    1026 |   0.0 |       0 |      17 |   0.0 |   299
           D:7 |       0 |      36 |   0.0 |       0 |       1 |   0.0 |    11
           D:8 |       0 |     255 |   0.0 |       0 |       1 |   0.0 |    79
           D:9 |       0 |     864 |   0.0 |       0 |       8 |   0.0 |   197
          D:10 |       0 |     322 |   0.0 |       0 |       5 |   0.0 |   110
          D:11 |       0 |     718 |   0.0 |       0 |      10 |   0.0 |   211
               +---------+---------+-------+---------+---------+-------+---------

Table legend:
 A = Turns spent in this place as a percentage of turns spent in the entire game.
 B = Non-inter-level travel turns spent in this place as a percentage of non-inter-level travel turns spent in the entire game.
 C = Inter-level travel turns spent in this place as a percentage of turns spent in this place.
 D = Turns resting spent in this place as a percentage of non-inter-level travel turns spent in this place.
 E = Turns spent auto-exploring this place as a percentage of non-inter-level travel turns spent in this place.
 F = Non-inter-level travel turns spent in this place divided by the number of levels of this place that you've seen.
                   A       B       C       D       E      F
               +-------+-------+-------+-------+-------+----------------------
         Total | 100.0 | 100.0 |   0.0 |   0.0 |   0.0 | 141.0
       Dungeon |  98.9 |  98.9 |   0.0 |   0.0 |   0.0 | 152.1
        Temple |   1.1 |   1.1 |   0.0 |   0.0 |   0.0 |  19.0
               +-------+-------+-------+-------+-------+----------------------

Table legend:
 A = Kills in this place as a percentage of kills in entire the game.
 B = Kills by you in this place as a percentage of kills by you in the entire game.
 C = Kills by friends in this place as a percentage of kills by friends in the entire game.
 D = Other kills in this place as a percentage of other kills in the entire game.
 E = Experience gained in this place as a percentage of experience gained in the entire game.
 F = Experience gained in this place divided by the number of levels of this place that you have seen.
                   A       B       C       D       E      F
               +-------+-------+-------+-------+-------+----------------------
         Total | 100.0 | 100.0 |   N/A | 100.0 | 100.0 | 285.2
       Dungeon | 100.0 | 100.0 |   N/A | 100.0 | 100.0 | 311.2
               +-------+-------+-------+-------+-------+----------------------

Vault maps used:
D:1:      matt_arrival_diagonals, doesnt_xom_only_xom
D:2:      serial_corexii_hall, corexii_hall_statues_deadend,
          corexii_hall_statues_x, corexii_hall_statues_i,
          nicolae_gozag_zags_fifth_avenue
D:3:      elyvilon_altar_5, first_ration, serial_forest,
          infiniplex_forest_lined_corner, infiniplex_forest_diagonal,
          infiniplex_forest_lined_4_way, infiniplex_forest_corner_1,
          infiniplex_forest_clump_diagonal, infiniplex_forest_clump_diagonal,
          kennysheep_nub, uniq_grinder
D:4:      gup_sewer_entry_bowl, minmay_misc_feat_tower, uniq_sigmund,
          uniq_edmund
D:6:      minmay_temple_entry_glassed_door, nrook_mini_vaults
D:7:      lemuel_bear_cage
D:8:      uniq_joseph, uniq_prince_ribbit1, uniq_grum
D:9:      basic_altar, uniq_erica, uniq_maurice
D:10:     minmay_misc_feat_roman, uniq_nergalle
D:11:     david_lair_shrubbed, david_orc_3, hangedman_little_slice_of_home,
          uniq_sonja
Temple:   grunt_wide_crystal_templ
